 Dungeon Crawl Stone Soup version 0.27-a0-1149-g4505690ab0 (webtiles) character file.

Game seed: 2892677982788858410

137 Froggeryz the Cudgeller (level 5, -1/42 (43) HPs)
             Began as a Palentonga Berserker on May 13, 2021.
             Was a Believer of Trog.
             Slain by a wight
             ... wielding a +2 scimitar of freezing
              (3 damage)
             ... on level 4 of the Dungeon.
             The game lasted 00:02:40 (2739 turns).

Froggeryz the Cudgeller (Palentonga Berserker)      Turns: 2739, Time: 00:02:40

HP:   -1/42 (43)    AC:  8    Str: 22    XL:     5   Next: 0%
MP:   5/5           EV:  8    Int:  7    God:    Trog [**....]
Gold: 147           SH:  0    Dex:  9    Spells: 4/4 levels left

rFire    . . .     SeeInvis +   a - +0 mace
rCold    . . .     Faith    .   (no shield)
rNeg     . . .     Spirit   .   g - +1 scale mail
rPois    .         Reflect  .   (no helmet)
rElec    .         Harm     .   b - +0 cloak
rCorr    .         Rampage  .   (no gloves)
Will     .....                  (no barding)
Stlth    ..........             (no amulet)
HPRegen  0.14/turn              (no ring)
MPRegen  0.09/turn              (no ring)

@: lightly drained
A: large, rugged brown scales 3, see invisible, deformed body, roll 1, armoured
tail
a: Rolling Charge, Renounce Religion, Berserk, Trog's Hand


You were on level 4 of the Dungeon.
You worshipped Trog.
Trog was pleased with you.
You visited 1 branch of the dungeon, and saw 4 of its levels.

You collected 147 gold pieces.

Inventory:

Hand Weapons
 a - a +0 mace (weapon)
Armour
 b - a +0 cloak (worn)
 g - a +1 scale mail (worn)
Scrolls
 i - a scroll of enchant armour
Potions
 c - a potion of curing {unknown}
 d - 2 potions of lignification {unknown}
 e - a potion of invisibility {unknown}
 f - a potion of flight


   Skills:
 - Level 3.0 Fighting
 * Level 5.7 Maces & Flails
 - Level 1.5 Armour
 - Level 1.5 Dodging


You had 4 spell levels left.
You didn't know any spells.
Your spell library was empty.

Dungeon Overview and Level Annotations

Branches:
Dungeon (4/15)
 Temple: D:4-7

Altars:

Annotations:
D:3 2 transporters


Innate Abilities, Weirdness & Mutations

You are completely covered in rugged brown scales. (AC +3, +7% HP)
You have supernaturally acute eyesight. (SInv)
Armour fits poorly on your strangely shaped body.
You can roll at nearby foes to attack.
You have a long armoured tail.


Message History

Partly explored, unvisited transporter.
Partly explored, unvisited transporter.
It was a potion of flight.
You feel very buoyant.
You fly up into the air.
Unknown command.
There is a stone staircase leading down here.
You fly downwards.
Found 26 gold pieces.
There is a stone staircase leading up here.
You now have 129 gold pieces (gained 8).
You now have 147 gold pieces (gained 18).
Found a papyrus book.
e - an orange potion You see here a book of Callings.
Found a stone staircase leading down.
No target in view!
No target in view!
A wight opens the door.
It is wielding a +2 scimitar of freezing.
A wight is nearby!
A wight is nearby!
You completely miss the wight.
The wight hits you with a +2 scimitar of freezing!
You feel drained. The wight freezes you.
A wight comes into view.
It is wielding a +3 morningstar of freezing.
You hit the wight.
Your tail-slap misses the wight.
The wight is lightly damaged.
The wight hits you with a +2 scimitar of freezing!
The wight freezes you.
You are starting to lose your buoyancy.
The wight hits you with a +2 scimitar of freezing!
* * * LOW HITPOINT WARNING * * *
The wight freezes you.
* * * LOW HITPOINT WARNING * * *
You float gracefully downwards.
There is a stone staircase leading up here.
The wight hits you with a +2 scimitar of freezing!
* * * LOW HITPOINT WARNING * * *
The wight freezes you.
You die...

####
#####...
##...#.#
##......#
#.......####
#..@........
#..z....###.
##......#
##...#.....
##z######.
#.# ### #.#
... #.# #z##
#.########
#.>.##


You could see 2 wights.

Vanquished Creatures
  Jessica (D:2)
  An orc wizard (D:3)
  2 adders (D:3)
  3 worms
  2 orcs (D:3)
  10 endoplasms
  2 giant cockroaches (D:1)
  7 goblins
  6 hobgoblins
  3 quokkas
  4 ball pythons
  3 bats
  3 frilled lizards (D:2)
  4 kobolds
  5 rats
56 creatures vanquished.

Notes
Turn   | Place    | Note
-------+----------+-------------------------------------------
     0 | D:1      | Froggeryz the Palentonga Berserker began the quest for the
                  | Orb.
     0 | D:1      | Reached XP level 1. HP: 19/19 MP: 1/1
   609 | D:1      | Reached XP level 2. HP: 22/25 MP: 2/2
   966 | D:1      | Reached skill level 4 in Maces & Flails
  1183 | D:2      | Noticed Jessica
  1192 | D:2      | Killed Jessica
  1193 | D:2      | Reached XP level 3. HP: 31/31 MP: 3/3
  1496 | D:2      | Reached ** piety under Trog
  1660 | D:2      | Found a faded altar of an unknown god.
  1662 | D:2      | Reached XP level 4. HP: 37/37 MP: 4/4
  1675 | D:2      | Reached skill level 5 in Maces & Flails
  2081 | D:3      | Found a transporter.
  2099 | D:3      | Found a transporter.
  2495 | D:3      | Reached XP level 5. HP: 37/43 MP: 5/5
  2739 | D:4      | HP: 2/42 [wight/+2 scimitar of freezing (7)]
  2739 | D:4      | Slain by a wight

Illustrated notes

Levels and vault maps discovered:
D:1:      dpeg_arrival_three_same_balls, layout_basic
D:2:      layout_rooms, basic_ecumenical_altar, grunt_decor_junction,
          feat_on_display, uniq_jessica
D:3:      gammafunk_steamed_eel, layout_loops_ring
D:4:      layout_loops_corners, serial_shops, shop, uniq_natasha, uniq_sigmund

Skill      XL: |  1  2  3  4 |
---------------+-------------+-----
Maces & Flails | 4 5 |  5.7
Fighting       | |  3.0
Armour         | |  1.5
Dodging        | |  1.5

Action                   |  1- 3 |  4- 6 || total
-------------------------+-------+-------++-------
Melee: Mace              |    85 |    63 ||   148
       Tailslap          |     5 |     8 ||    13
Invok: Berserk           |     1 |       ||     1
  Use: Scroll            |       |     4 ||     4
       Potion            |       |     1 ||     1
Armor: Animal skin       |     3 |       ||     3
       Ring mail         |     2 |       ||     2
       Scale mail        |    33 |    45 ||    78
Dodge: Dodged            |    36 |    25 ||    61

Table legend: (Time is in decaauts)
 A = Elapsed time spent in this place.
 B = Non-inter-level travel time spent in this place.
 C = Inter-level travel time spent in this place.
 D = Time resting spent in this place.
 E = Time spent auto-exploring this place.
 F = Levels seen in this place.
 G = Mean time per level.
                   A        B        C        D        E       F      G
               +--------+--------+--------+--------+--------+-----+--------+
         Total |   2770 |   2691 |     79 |    294 |   2016 |   4 |  692.5 |
       Dungeon |   2770 |   2691 |     79 |    294 |   2016 |   4 |  692.5 |
               +--------+--------+--------+--------+--------+-----+--------+

Top non-repeatable levels by time:
     D:1: 1224 daAuts
     D:3: 769 daAuts
     D:2: 727 daAuts
     D:4: 48 daAuts
